Map: Fear and Faith LE

Players

SKillous

  • Race: Protoss Protoss
  • League: Master
  • Spawn Location: 7:00

Teamless (Solar) - Winner!

  • Race: Zerg Zerg
  • League: Master
  • Spawn Location: 11:00

VOD

Have the link to the VOD?

Description

Time

  • Played on: June 28, 2026, 1:44 p.m.
  • Length: 8:01
Show
View Real Time Build Order
Export as new Build Order

SKillous Protoss 

Build Orders: Mass Adepts 

Get SALT Encoding   

  8  0:00  Probe (Chrono Boost)  
  9  0:12  Probe (Chrono Boost)  
  10  0:18  Probe (Chrono Boost)  
  11  0:26  Probe  
  12  0:33  Pylon  
  12  0:38  Probe  
  13  0:51  Probe  
  13  0:56  Gateway  
  14  1:03  Probe  
  15  1:05  Assimilator  
  15  1:15  Probe  
  16  1:27  Probe  
  17  1:35  Gateway  
  17  1:39  Probe  
  18  1:43  Cybernetics Core  
  18  1:49  Pylon  
  18  1:52  Probe  
  19  2:04  Probe  
  20  2:16  Probe  
  20  2:18  Adept (Chrono Boost)  
  20  2:19  Adept (Chrono Boost)  
  25  2:25  Warp Gate (Chrono Boost)  
  27  2:46  Stalker  
  27  2:50  Nexus  
  27  2:52  Probe  
  28  3:03  Gateway  
  28  3:06  Probe  
  29  3:27  Pylon  
  29  3:35  Adept  
  29  3:36  Probe  
  29  3:40  Gateway  
  28  3:45  Adept  
  30  3:48  Probe  
  30  3:50  Shield Battery  
  30  3:52  Pylon  
  31  4:01  Probe (Chrono Boost)  
  33  4:06  Probe (Chrono Boost)  
  33  4:11  Probe (Chrono Boost)  
  36  4:23  Adept x2  
  38  4:25  Probe x2  
  38  4:26  Pylon  
  38  4:30  Adept  
  42  4:38  Adept  
  45  4:40  Probe (Chrono Boost)  
  45  4:43  Probe (Chrono Boost)  
  46  4:46  Adept  
  46  4:47  Adept  
  51  4:53  Probe (Chrono Boost)  
  51  4:54  Probe (Chrono Boost)  
  50  5:00  Probe  
  50  5:03  Probe  
  48  5:12  Probe  
  48  5:13  Assimilator  
  48  5:14  Assimilator  
  47  5:15  Probe (Chrono Boost)  
  47  5:18  Assimilator  
  44  5:21  Adept x2  
  44  5:22  Adept  
  44  5:27  Probe (Chrono Boost)  
  50  5:29  Probe (Chrono Boost)  
  50  5:32  Adept  
  50  5:35  Probe (Chrono Boost)  
  53  5:38  Probe (Chrono Boost)  
  54  5:46  Probe (Chrono Boost)  
  54  5:48  Probe (Chrono Boost)  
  54  5:50  Adept x2  
  54  5:53  Pylon  
  54  5:55  Pylon  
  58  6:03  Stargate  
  58  6:11  Probe  
  58  6:13  Probe  
  60  6:19  Pylon  
  60  6:20  Stargate  
  60  6:29  Probe  
  60  6:31  Probe  
  60  6:36  Forge  
  60  6:45  Probe x2  
  62  6:47  Void Ray (Chrono Boost)  
  64  6:55  Fleet Beacon  
  64  6:56  Nexus  
  64  6:58  Pylon  
  64  6:59  Probe  
  65  7:02  Probe  
  66  7:10  Void Ray (Chrono Boost)  
  66  7:12  Probe  
  66  7:14  Probe  
  72  7:17  Shield Battery, Pylon  
  72  7:24  Probe  
  72  7:25  Adept  
  73  7:30  Void Ray (Chrono Boost), Probe  
  73  7:35  Adept  
  73  7:36  Probe  
  76  7:43  Probe, Adept x2  
  76  7:44  Zealot  
  76  7:48  Probe  
Show
View Real Time Build Order
Export as new Build Order

Teamless Zerg - Winner!

Build Orders: Hatch First 

Get SALT Encoding   

  8  0:00  Drone  
  9  0:10  Drone  
  10  0:16  Drone  
  11  0:24  Drone  
  12  0:32  Overlord  
  12  0:37  Extractor  
  12  0:40  Drone  
  13  0:51  Drone  
  13  0:52  Drone  
  15  0:58  Drone  
  16  1:15  Hatchery  
  16  1:18  Drone  
  16  1:23  Drone  
  17  1:28  Drone  
  18  1:37  Extractor  
  17  1:42  Spawning Pool  
  17  1:45  Drone  
  17  1:48  Drone  
  18  1:56  Drone  
  19  2:05  Overlord  
  19  2:14  Drone  
  20  2:25  Drone  
  20  2:29  Queen x2  
  23  2:31  Zergling x2  
  26  2:38  Drone x2  
  26  2:42  Metabolic Boost  
  28  2:47  Zergling x2  
  28  2:50  Zergling x2  
  30  2:58  Overlord  
  30  2:59  Zergling x2  
  30  3:04  Zergling x2  
  31  3:05  Drone  
  32  3:18  Drone  
  32  3:19  Drone  
  34  3:23  Queen  
  34  3:24  Overlord  
  34  3:26  Drone  
  37  3:30  Drone  
  37  3:34  Drone  
  37  3:39  Drone x3  
  39  3:53  Hatchery  
  39  3:55  Drone  
  39  3:57  Drone  
  39  3:59  Drone  
  41  4:02  Overlord  
  41  4:08  Drone x2  
  41  4:09  Drone  
  44  4:11  Drone  
  44  4:13  Drone  
  46  4:19  Drone x2  
  46  4:22  Zergling x6  
  51  4:29  Roach Warren  
  50  4:33  Drone x3  
  50  4:35  Extractor  
  50  4:37  Overlord  
  52  4:40  Drone  
  52  4:42  Drone  
  52  4:43  Overlord  
  55  4:45  Zergling x2  
  55  4:47  Zergling x2  
  55  4:52  Overlord  
  56  4:57  Zergling x4  
  55  5:01  Zergling x6  
  55  5:04  Drone  
  55  5:06  Drone x2  
  57  5:12  Drone x2  
  56  5:15  Drone x2  
  56  5:16  Drone  
  57  5:23  Roach  
  57  5:26  Roach  
  61  5:31  Roach  
  63  5:36  Spore Crawler  
  63  5:37  Roach  
  63  5:38  Roach  
  65  5:43  Roach x2  
  65  5:46  Zergling x4  
  65  5:48  Overlord  
  70  5:51  Drone  
  70  5:53  Ravager x2  
  70  5:55  Zergling x4  
  75  5:58  Zergling x6  
  75  6:03  Zergling x6  
  81  6:06  Ravager, Drone  
  81  6:07  Drone  
  81  6:10  Overlord  
  84  6:15  Roach x2  
  88  6:19  Roach x2  
  88  6:23  Overlord  
  91  6:29  Roach x2  
  91  6:30  Overlord  
  91  6:31  Overlord  
  95  6:33  Drone  
  95  6:34  Drone  
  95  6:36  Zergling x2  
  95  6:37  Extractor  
  95  6:39  Roach  
  99  6:42  Roach  
  99  6:43  Roach  
  99  6:46  Drone  
  102  6:59  Overlord  
  102  7:01  Lair  
  102  7:02  Drone x7  
  102  7:06  Extractor, Drone  
  102  7:07  Extractor  
  108  7:11  Drone x3  
  108  7:13  Drone x2  
  108  7:14  Roach  
  108  7:15  Drone  
  114  7:17  Drone  
  114  7:21  Ravager  
  116  7:23  Overlord  
  116  7:25  Zergling x2  
  116  7:26  Zergling x6  
  116  7:28  Zergling x2  
  120  7:30  Zergling x2  
  120  7:32  Drone  
  118  7:38  Drone x5  
  118  7:39  Evolution Chamber, Drone  
  118  7:42  Overlord  
  121  7:44  Drone  
  121  7:45  Drone  
  121  7:47  Drone x2  
  121  7:49  Drone  
Tags
 
Add a new tag
Caveats
  • Supply blocks, unpowered buildings, or Contaminate may cause inaccurate times.
  • Supply counts are checked every 10 seconds.